 Dungeon Crawl Stone Soup version 0.29.0-4-gdea44cf6ec (webtiles) character file.

Game seed: 1093540840837332516

3 qw the Firebug (level 1, -2/14 HPs)
             Began as a Ghoul Fire Elementalist on Aug 29, 2022.
             Slain by a kobold
             ... wielding a +0 dagger
              (3 damage)
             ... on level 1 of the Dungeon.
             The game lasted 00:00:13 (142 turns).

qw the Firebug (Ghoul Fire Elementalist)             Turns: 142, Time: 00:00:14

Health: -2/14      AC:  2    Str: 11    XL:     1   Next: 50%
Magic:  2/2        EV: 12    Int: 10    God:
Gold:   0          SH:  0    Dex:  9    Spells: 2/3 levels left

rFire   . . .      SeeInvis .     - Unarmed
rCold   + . .      Faith    .   (no shield)
rNeg    + + +      Spirit   .   a - +0 robe
rPois   inf        Reflect  .   (no helmet)
rElec   .          Harm     .   (no cloak)
rCorr   .          Rampage  .   (no gloves)
Will    .....                   (no boots)
Stlth   ++........              (no amulet)
HPRegen 0.00/turn               (no ring)
MPRegen 0.08/turn               (no ring)

@: inhibited regen
A: claws 1, cold resistance 1, negative energy resistance 3, inhibited
regeneration, torment resistance 2, devour on kill
a: no special abilities


You were on level 1 of the Dungeon.
You visited 1 branch of the dungeon, and saw 1 of its levels.


Innate Abilities, Weirdness & Mutations

You are immune to poison.
You have sharp fingernails.
Your flesh is cold resistant. (rC+)
You are immune to negative energy. (rN+++)
You do not regenerate when monsters are visible.
You are immune to unholy pain and torment.
You thrive by killing the living.


   Skills:
 + Level 0.0 Fighting
 - Level 1.7 Dodging
 - Level 2.1 Stealth
 - Level 1.0 Unarmed Combat
 - Level 1.7 Spellcasting
 - Level 0.7 Conjurations
 - Level 2.4 Fire Magic


You had 2 spell levels left.
You knew the following spells:

 Your Spells              Type           Power      Damage    Failure   Level
a - Foxfire               Conj/Fire      16%        2x1d4     17%         1

Your spell library contained the following spells:

 Spells                   Type           Power      Damage    Failure   Level
 Scorch                   Fire           10%        2d6       19%         2
 Conjure Flame            Conj/Fire      4%         6-21      45%         3
 Inner Flame              Hex/Fire       3%         N/A       52%         3
 Flame Wave               Conj/Fire      4%         2d5       86%         4

Inventory:

Armour
 a - a +0 robe (worn)

Dungeon Overview and Level Annotations

Branches:
Dungeon (1/15)

Altars:


Message History

You start resting.
Your butterfly disappears in a burst of colours! x2
HP restored.
As you open the door, it creaks loudly!
There is an open door here.
Found a book of Storms.
A kobold comes into view. It is wielding a +0 dagger.
The kobold shouts!
An endoplasm comes into view.
The endoplasm quivers.
You closely miss the kobold. The kobold hits you with a +0 dagger.
132 ||| Stepping ~*~*~tactically~*~*~ (outnumbered).
The kobold attacks as you move away! The kobold closely misses you.
133 ||| Stepping ~*~*~tactically~*~*~ (outnumbered).
The kobold attacks as you move away! The kobold barely misses you.
You scratch the endoplasm but do no damage.
The endoplasm hits you.
You scratch the endoplasm.
The endoplasm is moderately wounded.
The endoplasm misses you.
You scratch the endoplasm.
The endoplasm is almost dead.
The endoplasm hits you.
You scratch the endoplasm.
You kill the endoplasm!
Your Unarmed Combat skill increases to level 1!
You scratch the kobold.
The kobold is severely wounded.
The kobold hits you with a +0 dagger.
You closely miss the kobold.
The kobold is severely wounded.
The kobold closely misses you.
You miss the kobold.
The kobold is severely wounded.
The kobold hits you with a +0 dagger.
You barely miss the kobold.
The kobold is severely wounded.
The kobold hits you with a +0 dagger.
You die...

8. #.# #.# ##.#
8.8 # #.# ##
#8##8##.##8##8##8
.......:K@.......
8##8##.##8##8##8
##.#### #8.8#
##.## ## ##.## .#
#8.8####.#
##.##..#.#
##.###.#.#


You could see a kobold.

Vanquished Creatures
  2 endoplasms (D:1)
  A ball python (D:1)
3 creatures vanquished.

Notes
Turn   | Place    | Note
-------+----------+-------------------------------------------
     0 | D:1      | qw the Ghoul Fire Elementalist began the quest for the Orb.
     0 | D:1      | Reached XP level 1. HP: 14/14 MP: 2/2
     0 | D:1      | 0 ||| qw: Version: 0.1-a-90-g952f4b7
     0 | D:1      | 0 ||| qw: Game counter: 4143
     0 | D:1      | 0 ||| qw: Always use a shield: true
     0 | D:1      | 0 ||| qw: God list: Okawaru
     0 | D:1      | 0 ||| qw: Allow faded altars: false
     0 | D:1      | 0 ||| qw: Do Orc after D:15 true
     0 | D:1      | 0 ||| qw: Do second Lair branch before Depths: true
     0 | D:1      | 0 ||| qw: Lair rune preference: random
     0 | D:1      | 0 ||| qw: Plans: Normal
     0 | D:1      | 0 ||| PLANNING D:1-11
    13 | D:1      | 13 ||| READING scroll labelled PUANARIORPH.
    15 | D:1      | 15 ||| DROPPING potion of magic.
   132 | D:1      | 132 ||| Stepping ~*~*~tactically~*~*~ (outnumbered).
   133 | D:1      | 133 ||| Stepping ~*~*~tactically~*~*~ (outnumbered).
   138 | D:1      | Reached skill level 1 in Unarmed Combat
   139 | D:1      | HP: 2/14 [kobold/+0 dagger (2)]
   142 | D:1      | Slain by a kobold

Levels and vault maps discovered:
D:1:      minmay_arrival_stone_box, layout_basic,
          dreamdust_ecumenical_altar_statues, dk_noncrumbling_2

Skill      XL: |  1 |
---------------+----+-----
Unarmed Combat | 1 |  1.0
Dodging        | |  1.7
Stealth        | |  2.1
Spellcasting   | |  1.7
Conjurations   | |  0.7
Fire Magic     | |  2.4

Action                   || total
-------------------------++-------
Melee: Unarmed           ||    19
  Use: Scroll            ||     1
Armor: Robe              ||     1
Dodge: Dodged            ||     9

Table legend:
 A = Non-vault XP
 B = Vault XP
 C = Vault XP percentage of total XP
 D = Non-vault monster count
 E = Vault monster count
 F = Vault count percentage of total count
                 A         B        C        D         E       F
            +---------+---------+-------+---------+---------+-------
      Total |       5 |       0 |   0.0 |       3 |       0 |   0.0
            +---------+---------+-------+---------+---------+-------
        D:1 |       5 |       0 |   0.0 |       3 |       0 |   0.0
            +---------+---------+-------+---------+---------+-------
